1985 views
Uploaded 2022-12-17 10:48:45
Game version 1.32.10
15:34 long 1on1 ladder game on (2)ConcealedHill
Saved by DKnight
1985 views
Uploaded 2022-12-17 10:48:45
Game version 1.32.10
15:34 long 1on1 ladder game on (2)ConcealedHill

32 units @ 4.1k
/ 0.3k
14 buildings @ 2.3k
/ 0.8k


| Orb of Corruption | 1 | 375 |
| total: | 1 | 375g |
| Acolyte | 7 | 525 | / | 0 |
| Ghoul | 17 | 2040 | / | 0 |
| Gargoyle | 6 | 1050 | / | 180 |
| Abomination | 1 | 240 | / | 70 |
| Meat Wagon | 1 | 230 | / | 50 |
| total: | 32 | 4085g | / | 300w |
| Nerubian Tower | 2 | 200 | / | 40 |
| Spirit Tower | 2 | 290 | / | 80 |
| Crypt | 2 | 400 | / | 100 |
| Altar of Darkness | 1 | 180 | / | 50 |
| Ziggurat | 7 | 1050 | / | 350 |
| Graveyard | 1 | 215 | / | 0 |
| Tomb of Relics | 1 | 130 | / | 30 |
| Slaughterhouse | 2 | 280 | / | 270 |
| Halls of the Dead | 1 | 320 | / | 210 |
| Black Citadel | 1 | 325 | / | 230 |
| total: | 14 | 2255g | / | 800w |
| 0:01 | Acolyte |
| 0:02 | Crypt |
| 0:11 | Altar of Darkness |
| 0:24 | Ziggurat |
| 0:33 | Acolyte |
| 1:07 | Ghoul |
| 1:08 | Ghoul |
| 1:17 | Ziggurat |
| 1:31 | Ghoul |
| 1:41 | Ghoul |
| 1:49 | Cannibalize |
| 2:15 | Vampiric Aura |
| 2:22 | Halls of the Dead |
| 2:35 | Ghoul |
| 2:58 | Nerubian Tower |
| 3:07 | Ghoul |
| 3:39 | Ghoul |
| 3:45 | Sleep |
| 3:54 | Ghoul |
| 3:56 | Graveyard |
| 4:00 | Ziggurat |
| 4:10 | Ghoul |
| 5:08 | Vampiric Aura |
| 5:17 | Black Citadel |
| 5:39 | Unholy Armor |
| 6:00 | Ghoul |
| 6:11 | Crypt |
| 6:14 | Tomb of Relics |
| 6:21 | Death Coil |
| 6:34 | Ghoul |
| 6:44 | Improved Unholy Armor |
| 7:38 | Ghoul Frenzy |
| 7:45 | Ziggurat |
| 7:47 | Acolyte |
| 8:09 | Ghoul |
| 8:33 | Unholy Aura |
| 8:46 | Orb of Corruption |
| 8:56 | Ghoul |
| 10:04 | Sleep |
| 10:18 | Acolyte |
| 10:18 | Acolyte |
| 10:18 | Acolyte |
| 10:18 | Acolyte |
| 10:31 | Ghoul |
| 10:36 | Ziggurat |
| 10:37 | Ziggurat |
| 10:38 | Ziggurat |
| 10:51 | Ghoul |
| 10:54 | Ghoul |
| 11:08 | Unholy Strength |
| 11:11 | Ghoul |
| 11:31 | Nerubian Tower |
| 11:32 | Spirit Tower |
| 11:34 | Spirit Tower |
| 12:04 | Death Coil |
| 12:19 | Gargoyle |
| 12:33 | Gargoyle |
| 12:42 | Gargoyle |
| 12:44 | Creature Carapace |
| 13:13 | Gargoyle |
| 13:14 | Gargoyle |
| 13:17 | Creature Attack |
| 13:29 | Slaughterhouse |
| 13:34 | Slaughterhouse |
| 13:49 | Gargoyle |
| 14:16 | Vampiric Aura |
| 14:26 | Improved Creature Carapace |
| 14:35 | Disease Cloud |
| 14:36 | Abomination |
| 14:55 | Meat Wagon |
| Right click | 458 |
| Select group | 255 |
| Select | 185 |
| Build/train/purchase | 66 |
| Assign group | 62 |
| Use ability | 23 |
| Chat | 12 |
| Misc. action | 1 |
| Item give/drop | 1 |
22 units @ 3.6k
/ 0.5k
9 buildings @ 1.5k
/ 0.5k



| Rod of Necromancy | 3 | 450 |
| Potion of Healing | 2 | 300 |
| Orb of Corruption | 1 | 375 |
| Potion of Mana | 2 | 400 |
| total: | 8 | 1525g |
| Acolyte | 3 | 225 | / | 0 |
| Ghoul | 7 | 840 | / | 0 |
| Crypt Fiend | 9 | 1935 | / | 360 |
| Obsidian Statue | 3 | 600 | / | 105 |
| total: | 22 | 3600g | / | 465w |
| Nerubian Tower | 2 | 200 | / | 40 |
| Crypt | 1 | 200 | / | 50 |
| Altar of Darkness | 1 | 180 | / | 50 |
| Ziggurat | 4 | 600 | / | 200 |
| Tomb of Relics | 1 | 130 | / | 30 |
| Graveyard | 1 | 215 | / | 0 |
| Slaughterhouse | 1 | 140 | / | 135 |
| Halls of the Dead | 1 | 320 | / | 210 |
| Black Citadel | 2 | 650 | / | 460 |
| total: | 9 | 1465g | / | 465w |
| 0:03 | Acolyte |
| 0:03 | Acolyte |
| 0:08 | Crypt |
| 0:13 | Altar of Darkness |
| 0:35 | Ziggurat |
| 0:42 | Acolyte |
| 0:58 | Tomb of Relics |
| 1:09 | Ghoul |
| 1:21 | Ghoul |
| 1:36 | Ziggurat |
| 1:56 | Ghoul |
| 2:23 | Rod of Necromancy |
| 2:24 | Death Coil |
| 2:41 | Halls of the Dead |
| 2:53 | Ghoul |
| 3:01 | Nerubian Tower |
| 3:20 | Ghoul |
| 3:27 | Graveyard |
| 3:43 | Unholy Aura |
| 3:55 | Ghoul |
| 4:05 | Rod of Necromancy |
| 4:09 | Ziggurat |
| 4:32 | Ghoul |
| 5:01 | Crypt Fiend |
| 5:34 | Burrow |
| 6:00 | Death Coil |
| 6:07 | Slaughterhouse |
| 6:08 | Black Citadel |
| 6:19 | Frost Nova |
| 6:29 | Rod of Necromancy |
| 6:42 | Potion of Healing |
| 7:14 | Obsidian Statue |
| 7:45 | Ziggurat |
| 7:53 | Web |
| 8:42 | Ghoul Frenzy |
| 8:44 | Destroyer Form |
| 8:52 | Crypt Fiend |
| 8:55 | Dark Ritual |
| 9:10 | Black Arrow |
| 9:53 | Crypt Fiend |
| 10:09 | Crypt Fiend |
| 10:19 | Death Pact |
| 10:44 | Obsidian Statue |
| 10:57 | Orb of Corruption |
| 12:25 | Obsidian Statue |
| 12:34 | Potion of Mana |
| 13:10 | Crypt Fiend |
| 13:13 | Creature Attack |
| 13:39 | Potion of Healing |
| 13:39 | Potion of Mana |
| 13:45 | Crypt Fiend |
| 14:02 | Crypt Fiend |
| 14:25 | Crypt Fiend |
| 14:48 | Crypt Fiend |
| Select group | 745 |
| Right click | 697 |
| Select | 319 |
| Build/train/purchase | 85 |
| Misc. action | 70 |
| Assign group | 53 |
| Chat | 43 |
| Use ability | 32 |
| Item give/drop | 1 |
| Remove unit | 1 |